 Dungeon Crawl Stone Soup version 0.20.1-1-g8b1a95d (webtiles) character file.

233 seb29deBrest the Digger (level 6, -5/33 HPs)
             Began as a Gargoyle Earth Elementalist on Nov 9, 2017.
             Was an Initiate of Qazlal.
             Slain by a wyvern (14 damage)
             ... on level 3 of the Dungeon.
             The game lasted 00:28:05 (2341 turns).

seb29deBrest the Digger (GrEE)                      Turns: 2341, Time: 00:28:06

Health: -5/33      AC:  8    Str: 12    XL:     6   Next: 5%
Magic:  6/10       EV: 12    Int: 17    God:    Qazlal [......]
Gold:   135        SH:  5    Dex: 10    Spells: 5/11 levels left

rFire    + . .     SeeInvis .   r - +3 quarterstaff (chaos)
rCold    . . .     Gourm    .   (shield currently unavailable)
rNeg     + + .     Faith    .   u - +2 robe {MR+}
rPois    ∞         Spirit   .   (no helmet)
rElec    +         Reflect  +   (no cloak)
rCorr    .         Harm     .   (no gloves)
MR       +....                  (no boots)
Stlth    ++........             i - +5 amulet of reflection
Regen    0.2/turn               t - ring of positive energy
MPRegen  0.2/turn               p - ring of protection from fire

@: about to teleport
A: negative energy resistance 1, electricity resistance, unbreathing,
petrification resistance, rot immunity, AC +4
a: Renounce Religion


You were on level 3 of the Dungeon.
You worshipped Qazlal.
Qazlal was noncommittal.
You were not hungry.

You visited 1 branch of the dungeon, and saw 3 of its levels.

You collected 135 gold pieces.

Inventory:

Hand Weapons
 r - a +3 quarterstaff of chaos (weapon)
 x - a +3 short sword
Missiles
 b - 109 stones (quivered)
 k - 49 sling bullets
Armour
 c - a +0 robe
 s - a +0 cloak
 u - a +2 robe of magic resistance (worn)
Jewellery
 g - a cursed -2 ring of slaying {unknown}
 i - a +5 amulet of reflection (around neck)
 p - a ring of protection from fire (right hand)
 t - a ring of positive energy (left hand)
 w - a cursed +3 amulet of reflection
Scrolls
 j - 2 scrolls of random uselessness {unknown}
 o - a scroll of enchant weapon {unknown}
Potions
 f - a potion of mutation {unknown}
 l - a potion of haste {unknown}
 n - a potion of berserk rage {unknown}
 q - a potion of ambrosia {unknown}
 v - 2 potions of agility
 z - a potion of degeneration {unknown}
Books
 e - a book of Geomancy

   Spells                             Type                      Level
   a - Sandblast                      Earth                        1
   b - Passwall                       Transmutation/Earth          2
   c - Stone Arrow                    Conjuration/Earth            3
   d - Petrify                        Transmutation/Earth          4
   e - Lee's Rapid Deconstruction     Earth                        5
Comestibles
 d - 5 bread rations
 h - 2 royal jellies


   Skills:
 + Level 0.4 Fighting
 * Level 1.3 Staves
 + Level 0.1 Throwing
 * Level 2.3 Dodging
 + Level 2.8 Stealth
 + Level 3.1 Spellcasting
 + Level 0.7 Transmutations
 * Level 5.8 Earth Magic


You had 5 spell levels left.
You knew the following spells:

 Your Spells              Type           Power        Failure   Level  Hunger
a - Sandblast             Erth           ###...       1%          1    None
b - Stone Arrow           Conj/Erth      ##....       16%         3    ###....
c - Passwall              Tmut/Erth      ##........   7%          2    ##.....


Dungeon Overview and Level Annotations

Branches:
Dungeon (3/15)

Altars:
Qazlal
Ru


Innate Abilities, Weirdness & Mutations

You are resistant to torment.
Your stone body is resilient. (AC +4)
You are immune to poison.
You resist negative energy. (rN+)
You are resistant to electric shocks. (rElec)
You can survive without breathing.
You are immune to petrification.
You are immune to rotting.


Message History

Aim: an orc priest, wielding a hand axe and wearing a leather armour (severely wounded)
The blast of sand misses the orc priest.
The blast of sand hits the wyvern.
b - 109 stones The orc priest hits you but does no damage.
You hit the orc priest. You burn the orc priest.
You kill the orc priest!
Qazlal accepts your kill.
You have reached level 6!
Your experience leads to an increase in your attributes!
Increase (S)trength, (I)ntelligence, or (D)exterity?
You feel clever. The wyvern bites you!
* * * LOW HITPOINT WARNING * * *
It was a potion of curing.
You feel better. The wyvern closely misses you. You block the wyvern's attack.
As you read the scroll of teleportation, it crumbles to dust.
You feel strangely unstable. The wyvern barely misses you.
The wyvern bites you!
You die...

.... ...####.######
... #........)...
...#######...######
#.#............#
#.#.#####.######
#.#o# #.#
#.#o#####.#####
#...l.........#
#...@...#.###.#######
#.......#.# #........
#.......#.# #########
#.......#.#
#.......#.#######
#.......#.......#
####.##########.#
#.###### #.#
#.##...#####.#####


You could see a wyvern, an orc priest and an orc.

Vanquished Creatures
  An orc priest (D:3)
  Crazy Yiuf (D:2)
  Jessica (D:1)
  2 orc wizards (D:3)
  3 adders
  2 worms (D:2)
  3 dart slugs
  9 orcs (D:3)
  A giant cockroach (D:1)
  7 goblins
  3 hobgoblins
  5 jackals
  2 kobolds (D:1)
  2 quokkas (D:3)
  A ball python (D:3)
  7 bats
  2 frilled lizards
  6 rats
58 creatures vanquished.

Notes
Turn   | Place    | Note
-------+----------+-------------------------------------------
     0 | D:1      | seb29deBrest the Gargoyle Earth Elementalist began the quest for the Orb.
     0 | D:1      | Reached XP level 1. HP: 10/10 MP: 3/3
   270 | D:2      | Noticed Jessica
   277 | D:1      | Reached skill level 4 in Earth Magic
   277 | D:1      | Reached XP level 2. HP: 12/15 MP: 1/5
   284 | D:1      | Killed Jessica
   284 | D:1      | Reached XP level 3. HP: 12/19 MP: 0/6
   383 | D:1      | Learned a level 3 spell: Stone Arrow
   386 | D:1      | Learned a level 2 spell: Passwall
  1058 | D:2      | Reached skill level 5 in Earth Magic
  1058 | D:2      | Reached XP level 4. HP: 24/24 MP: 4/7
  1385 | D:2      | Found a runed door.
  1389 | D:2      | Noticed Crazy Yiuf
  1392 | D:2      | Killed Crazy Yiuf
  1741 | D:2      | Reached XP level 5. HP: 28/28 MP: 0/9
  1870 | D:2      | Found a stormy altar of Qazlal.
  1884 | D:2      | Became a worshipper of Qazlal Stormbringer
  2071 | D:3      | Found a sacrificial altar of Ru.
  2209 | D:3      | Reached skill level 1 in Staves
  2331 | D:3      | Noticed a wyvern
  2338 | D:3      | Reached XP level 6. HP: 15/33 MP: 5/10
  2341 | D:3      | Slain by a wyvern

Skill      XL: |  1  2  3  4  5 |
---------------+----------------+-----
Earth Magic    | 4 5 |  5.8
Dodging        | 2 |  2.3
Staves         | 1 |  1.3
Spellcasting   | 3 |  3.1
Fighting       | |  0.4
Throwing       | |  0.1
Stealth        | |  2.8
Transmutations | |  0.7

Action                   |  1- 3 |  4- 6 || total
-------------------------+-------+-------++-------
Melee: Unarmed           |     2 |     9 ||    11
       Quarterstaff      |       |    30 ||    30
Throw: Stone             |       |     3 ||     3
 Cast: Sandblast         |    25 |    39 ||    64
       Stone Arrow       |       |     3 ||     3
  Use: Scroll            |     3 |     6 ||     9
       Potion            |       |     2 ||     2
 Stab: Sleeping          |       |     3 ||     3
  Eat: Chunk             |       |     5 ||     5
Armor: Robe              |     7 |    18 ||    25
Dodge: Dodged            |     7 |    21 ||    28
Block: Other             |     1 |     6 ||     7
